 Dungeon Crawl Stone Soup version 0.31.0-9-g3a7656b989 (webtiles) character file.

Game seed: 1533418156963314417

81 qw the Shooter (level 4, 0/22 HPs)
             Began as a Spriggan Hunter on Feb 2, 2024.
             Slain by Ijyb
             ... wielding a +2 dagger of venom
              (5 damage)
             ... on level 3 of the Dungeon.
             The game lasted 00:00:05 (1604 turns).

qw the Shooter (Spriggan Hunter)                    Turns: 1604, Time: 00:00:06

Health: 0/22       AC:  2    Str:  7    XL:     4   Next: 19%
Magic:  5/5        EV: 19    Int: 10    God:
Gold:   65         SH:  0    Dex: 20    Spells: 3/3 levels left

rFire   . . .        a - +0 shortbow
rCold   . . .        (shield currently unavailable)
rNeg    . . .        c - +0 robe
rPois   +            (helmet restricted)
rElec   .            (no cloak)
rCorr   .            (gloves unavailable)
SInv    +            (boots unavailable)
Will    .....        (no amulet)
Stlth   ++           f - ring of poison resistance
HPRegen 0.23/turn    (no ring)
MPRegen 0.09/turn

%: no passive effects
@: lethally poisoned (0 -> -3), very quick
A: very small, no large weapons, unfitting armour, see invisible, speed 3
a: no special abilities


You were on level 3 of the Dungeon.
You visited 1 branch of the dungeon, and saw 3 of its levels.

You collected 65 gold pieces.


Innate Abilities, Weirdness & Mutations

You are very small and have problems with some larger weapons.
You are too small for most types of armour.
You have supernaturally acute eyesight. (SInv)
You cover ground extremely quickly. (Speed+++)


   Skills:
 - Level 1.5 Fighting
 - Level 5.0 Ranged Weapons
 + Level 4.5 Dodging
 - Level 1.5 Stealth


You had 3 spell levels left.
You didn't know any spells.
Your spell library was empty.

Inventory:

Hand Weapons
 a - a +0 shortbow (weapon)
Armour
 c - a +0 robe (worn)
Jewellery
 d - a ring of ice
 f - a ring of poison resistance (left hand)
Scrolls
 b - a scroll of identify
Potions
 g - 2 potions of curing

Dungeon Overview and Level Annotations

Branches:
Dungeon (3/15)

Altars:

Annotations:
D:3 Ijyb


Message History

You shoot an arrow. The arrow hits the orc!
You kill the orc!
Ijyb the Twisted Goblin comes into view.
She is wielding a +2 dagger of venom and carrying a wand of flame.
Found a scroll of identify.
You shoot an arrow. The arrow hits Ijyb but does no damage.
Ijyb shouts!
A frilled lizard comes into view.
You shoot an arrow. The arrow hits Ijyb.
Ijyb is lightly wounded.
You hear a shout!
You shoot an arrow. The arrow misses Ijyb.
Ijyb completely misses you.
A goblin comes into view. It is wielding a +0 sling.
Ijyb misses you.
You shoot an arrow. The arrow barely misses Ijyb.
The arrow hits the frilled lizard!
You kill the frilled lizard!
Ijyb hits you with a +2 dagger of venom.
You are poisoned.
You shoot an arrow. The arrow hits Ijyb!
Ijyb is heavily wounded.
You feel very sick. Ijyb barely misses you.
You shoot an arrow. The arrow hits Ijyb but does no damage.
Ijyb is heavily wounded.
You feel very sick. Ijyb closely misses you.
You shoot an arrow. The arrow hits Ijyb.
Ijyb is heavily wounded.
You feel very sick. Ijyb screams, "Me kill you!" Ijyb misses you.
You shoot an arrow. The arrow hits Ijyb.
Ijyb is severely wounded.
You feel sick. Ijyb completely misses you.
You shoot an arrow. The arrow barely misses Ijyb.
The arrow hits the goblin!
You kill the goblin!
You feel sick. Ijyb misses you.
Ijyb hits you with a +2 dagger of venom.
You die...

# .. .. ... ..
############## ....
.. .............+
..... ..
########.######.....?
).
#........#...@g).....
..
#.....#..#.####......
#)###....#.......#
.....
#........#.##.##.#
.... ...##.##.#.##.#
# ### ##)##.##.#....#
##.##.##.######
....#..#.# .####....#


You could see Ijyb.

Vanquished Creatures
  2 adders
  A dart slug (D:1)
  A ribbon worm (D:2)
  4 orcs (D:3)
  3 bats
  5 endoplasms (D:2)
  7 hobgoblins
  4 jackals (D:2)
  5 quokkas
  5 ball pythons
  A frilled lizard (D:3)
  5 goblins
  4 kobolds
  4 rats
51 creatures vanquished.

Notes
Turn   | Place    | Note
-------+----------+-------------------------------------------
     0 | D:1      | qw the Spriggan Hunter began the quest for the Orb.
     0 | D:1      | Reached XP level 1. HP: 10/10 MP: 2/2
     0 | D:1      | 0 ||| qw: Version: 0.3-a-155-g5e7d8dd
     0 | D:1      | 0 ||| qw: Game counter: 2288
     0 | D:1      | 0 ||| qw: Melee chars always use a shield: true
     0 | D:1      | 0 ||| qw: God list: Okawaru
     0 | D:1      | 0 ||| qw: Allow faded altars: false
     0 | D:1      | 0 ||| qw: Do Orc after clearing Dungeon:15 true
     0 | D:1      | 0 ||| qw: Do second Lair branch before Depths: true
     0 | D:1      | 0 ||| qw: Lair rune preference: random
     0 | D:1      | 0 ||| qw: Goals: Normal
     0 | D:1      | 0 ||| PLANNING D:1-11
    45 | D:1      | Reached skill level 3 in Dodging
   135 | D:1      | Reached XP level 2. HP: 14/14 MP: 3/3
   713 | D:1      | 713 ||| UPGRADING to ring of poison resistance.
   714 | D:1      | 714 ||| READING scroll labelled KIECEE YNATUXT.
   714 | D:1      | 714 ||| IDENTIFYING 2 scrolls labelled TUITAAG EBUO
   715 | D:1      | 715 ||| DROPPING scroll of butterflies.
   716 | D:1      | 716 ||| DROPPING 2 scrolls of fog.
   761 | D:2      | Reached XP level 3. HP: 18/18 MP: 4/4
  1302 | D:2      | Reached skill level 5 in Ranged Weapons
  1408 | D:2      | 1408 ||| DROPPING ring of flight.
  1409 | D:2      | 1409 ||| READING 4 scrolls of identify.
  1409 | D:2      | 1409 ||| IDENTIFYING grey potion
  1410 | D:2      | 1410 ||| READING 3 scrolls of identify.
  1410 | D:2      | 1410 ||| IDENTIFYING 2 yellow potions
  1411 | D:2      | 1411 ||| READING 2 scrolls of identify.
  1411 | D:2      | 1411 ||| IDENTIFYING scroll labelled MAAHYSI KIME
  1412 | D:2      | 1412 ||| DROPPING potion of magic.
  1413 | D:2      | 1413 ||| DROPPING scroll of silence.
  1527 | D:3      | Reached XP level 4. HP: 20/22 MP: 5/5
  1595 | D:3      | Noticed Ijyb
  1603 | D:3      | HP: 5/22 [poisoned by Ijyb]
  1604 | D:3      | Slain by Ijyb

Levels and vault maps discovered:
D:1:      nzn_arrival_water_spiral, layout_loops_ring, hangedman_decor_slide_cut
D:2:      wander_river, layout_loops_ring
D:3:      layout_basic, uniq_ijyb

Skill      XL: |  1  2  3 |
---------------+----------+-----
Dodging        | 3 4 |  4.5
Ranged Weapons | 5 |  5.0
Fighting       | |  1.5
Stealth        | |  1.5

Action                     |  1- 3 |  4- 6 || total
---------------------------+-------+-------++-------
   Fire: Shortbow          |   145 |    24 ||   169
    Use: Scroll            |     4 |       ||     4
 Armour: Robe              |    13 |     3 ||    16
  Dodge: Dodged            |    66 |    10 ||    76

Table legend:
 A = Non-vault XP
 B = Vault XP
 C = Vault XP percentage of total XP
 D = Non-vault monster count
 E = Vault monster count
 F = Vault count percentage of total count
                 A         B        C        D         E       F
            +---------+---------+-------+---------+---------+-------
      Total |     118 |       0 |   0.0 |      51 |       0 |   0.0
            +---------+---------+-------+---------+---------+-------
        D:1 |      36 |       0 |   0.0 |      21 |       0 |   0.0
        D:2 |      50 |       0 |   0.0 |      20 |       0 |   0.0
        D:3 |      32 |       0 |   0.0 |      10 |       0 |   0.0
            +---------+---------+-------+---------+---------+-------
